 Dungeon Crawl Stone Soup version 0.23.1-44-gbd83930989 (webtiles) character file.

Game seed: 1741192532564967178

10091 tennessine the Covert (level 11, -9/67 HPs)
             Began as a Halfling Assassin on Mar 31, 2019.
             Was a Believer of Makhleb.
             Mangled by a komodo dragon (22 damage)
             ... on level 11 of the Dungeon.
             The game lasted 01:16:14 (15123 turns).

tennessine the Covert (Halfling Assassin)          Turns: 15123, Time: 01:16:15

Health: -9/67      AC: 13    Str: 12    XL:     11   Next: 86%
Magic:  11/11      EV: 20    Int:  9    God:    Makhleb [**....]
Gold:   319        SH:  3    Dex: 20    Spells: 8/10 levels left

rFire    + . .     SeeInvis +   p - +1 dagger (elec)
rCold    + + +     Gourm    .   (shield restricted)
rNeg     . . .     Faith    .   D - +5 ring mail of Emataem {rElec rF+ rC+++}
rPois    .         Spirit   .   (no helmet)
rElec    +         Reflect  +   d - +2 cloak
rCorr    .         Harm     .   (no gloves)
MR       +....                  (no boots)
Stlth    +++++.....             o - +3 amulet of reflection
HPRegen  0.21/turn              c - ring of protection from magic
MPRegen  0.12/turn              r - ring of see invisible

@: no status effects
A: small, mutation resistance 1
a: Minor Destruction, Renounce Religion


You were on level 11 of the Dungeon.
You worshipped Makhleb.
Makhleb was pleased with you.
You were hungry.

You visited 3 branches of the dungeon, and saw 13 of its levels.

You collected 636 gold pieces.
You spent 317 gold pieces at shops.

Inventory:

Hand Weapons
 b - a +0 blowgun
 f - a +2 dagger of speed
 p - a +1 dagger of electrocution (weapon)
 J - a +1 scimitar of electrocution
 P - a +3 arbalest of flaming
Missiles
 e - 31 poisoned needles
 w - a curare-tipped needle
 A - 2 needles of paralysis
 N - a throwing net (quivered)
Armour
 d - a +2 cloak (worn)
 D - the +5 ring mail of Emataem (worn) {rElec rF+ rC+++}
   (You found it on level 11 of the Dungeon)

   It protects you from fire.
   It renders you almost immune to cold.
   It insulates you from electricity.
Jewellery
 a - a +2 ring of dexterity
 c - a ring of protection from magic (left hand)
 k - an uncursed ring of flight
 o - a +3 amulet of reflection (around neck)
 r - a ring of see invisible (right hand)
 H - an uncursed amulet of faith {unknown}
 K - an uncursed ring of fire
Wands
 m - a wand of acid (12)
 y - a wand of enslavement (3)
 F - a wand of digging (5)
 G - a wand of polymorph (23)
Scrolls
 h - 6 scrolls of remove curse
 i - a scroll of silence {unknown}
 u - a scroll of immolation
 v - 2 scrolls of teleportation
 I - a scroll of random uselessness {unknown}
 L - a scroll of blinking {unknown}
 M - a scroll of fog
Potions
 j - 8 potions of curing
 l - 2 potions of magic
 n - a potion of resistance {unknown}
 q - a potion of invisibility
 s - 3 potions of heal wounds
 t - 2 potions of might {unknown}
 x - 3 potions of mutation
 z - 2 potions of brilliance {unknown}
 B - 4 potions of flight {unknown}
 C - 2 potions of cancellation
 E - a potion of lignification {unknown}
 R - a potion of haste
Comestibles
 g - 17 rations


   Skills:
 + Level 3.0 Fighting
 - Level 10.0 Short Blades
 - Level 8.0 Throwing
 - Level 9.5 Dodging
 - Level 13.0 Stealth


You had 8 spell levels left.
You knew the following spells:

 Your Spells              Type           Power        Failure   Level  Hunger
a - Blink                 Tloc           N/A          80%         2    ###....

Your spell library contained the following spells:

 Spells                   Type           Power        Failure   Level  Hunger
 Animate Skeleton         Necr           N/A          67%         1    ##.....
 Apportation              Tloc           #.....       67%         1    ##.....
 Confusing Touch          Hex            #.....       67%         1    ##.....
 Magic Dart               Conj           #...         67%         1    ##.....
 Summon Small Mammal      Summ           #...         67%         1    ##.....
 Call Imp                 Summ           #.......     80%         2    ###....
 Slow                     Hex            #.......     80%         2    ###....
 Conjure Flame            Conj/Fire      #.......     95%         3    ####...
 Mephitic Cloud           Conj/Pois/Air  #.......     95%         3    ####...


Dungeon Overview and Level Annotations

Branches:
Dungeon (11/15)            Temple (1/1) D:6            Lair (1/6) D:11
    Orc (0/2) D:11

Altars:
Ashenzari
Cheibriados
Dithmenos
Elyvilon
Fedhas
Gozag
Hepliaklqana
Kikubaaqudgha
Makhleb
Nemelex Xobeh
Okawaru
Qazlal
Ru
Sif Muna
Trog
Uskayaw
Vehumet
Wu Jian
Xom
Yredelemnul
Zin
The Shining One

Shops:
D:9 }   D:10 **


Innate Abilities, Weirdness & Mutations

You are small and have problems with some larger weapons.
You are somewhat resistant to further mutation.


Message History

You closely miss the komodo dragon.
The komodo dragon is almost dead.
The komodo dragon misses you.
You barely miss the komodo dragon.
The komodo dragon is almost dead.
You hit the komodo dragon but do no damage.
The komodo dragon is almost dead.
The komodo dragon completely misses you.
You hit the komodo dragon.
The komodo dragon is almost dead.
You hit the komodo dragon.
The komodo dragon is almost dead.
The komodo dragon bites you!!
* * * LOW HITPOINT WARNING * * *
You hit the komodo dragon.
The komodo dragon is almost dead.
You closely miss the komodo dragon.
The komodo dragon is almost dead.
The komodo dragon bites you!!
You die...

.. #. #....####.#......#
...###.##....#.##........#
...#........).......###### V
......#...#.#...#.### #..
.##....#...###.###...#
...##..............##....#
..#..........#....##..#..#
..##...........##.##..#.##
...#.......#..ll@.##...##
...........#..###.#.....#
#.........P..P.##.......##
##.....P...P...P#........##
##.##........P............######
#..#.......P.P.♣............#..##
.....♣......P..................#.
.#..........♣....P..#............
##......P....P.P...###...........


You could see 2 komodo dragons.

Vanquished Creatures
  A hydra (Lair:1)
  A two-headed ogre (D:9)
  Urug (D:10)
  2 cyclopes (D:11)
  Joseph (Lair:1)
  2 komodo dragons (D:11)
  2 trolls
  2 hippogriffs
  2 wyverns
  Sigmund (D:3)
  4 yaks
  A basilisk (D:11)
  A water moccasin (D:10)
  6 porcupines
  4 orc warriors
  5 sky beasts
  An ice beast (D:10)
  2 phantoms
  6 ogres
  2 centaurs
  3 wolves (D:11)
  4 crocodiles (D:11)
  2 bullfrogs
  A scorpion (D:10)
  A wyvern skeleton (D:6)
  4 killer bees
  A wight (D:10)
  A howler monkey (D:8)
  A crimson imp (D:8)
  A centaur zombie (D:6)
  2 quasits
  Crazy Yiuf (D:7)
  3 jellies
  4 orc wizards
  2 orc priests (D:6)
  5 hounds
  3 bullfrog skeletons
  6 iguanas
  9 worker ants
  A hound skeleton (D:10)
  A howler monkey zombie (D:9)
  A worker ant zombie (D:10)
  10 adders
  A shadow imp (D:4)
  3 oozes
  An adder skeleton (D:4)
  2 worms
  2 dart slugs
  4 leopard geckos
  38 orcs
  3 giant cockroaches
  12 goblins
  6 hobgoblins
  6 jackals
  2 quokkas
  2 ball pythons
  3 bats (D:1)
  3 frilled lizards
  A jackal skeleton (D:8)
  6 kobolds
  A quokka skeleton (D:4)
  9 rats
219 creatures vanquished.

Notes
Turn   | Place    | Note
-------+----------+-------------------------------------------
     0 | D:1      | tennessine the Halfling Assassin began the quest for the
                  | Orb.
     0 | D:1      | Reached XP level 1. HP: 14/14 MP: 1/1
    35 | D:1      | Reached XP level 2. HP: 5/19 MP: 2/2
   561 | D:1      | Reached XP level 3. HP: 24/24 MP: 3/3
  1316 | D:2      | Reached XP level 4. HP: 15/29 MP: 4/4
  1554 | D:2      | Reached skill level 5 in Short Blades
  2058 | D:3      | Reached skill level 5 in Stealth
  2058 | D:3      | Reached XP level 5. HP: 26/34 MP: 5/5
  2269 | D:3      | Reached skill level 6 in Stealth
  2468 | D:3      | Noticed Sigmund
  2482 | D:3      | Killed Sigmund
  2482 | D:3      | Reached XP level 6. HP: 20/39 MP: 6/6
  2991 | D:4      | Learned a level 2 spell: Blink
  3065 | D:4      | Reached XP level 7. HP: 14/44 MP: 7/7
  3651 | D:4      | Reached skill level 7 in Stealth
  4192 | D:5      | Entered Level 5 of the Dungeon
  4624 | D:5      | Reached skill level 8 in Stealth
  4624 | D:5      | Reached XP level 8. HP: 49/49 MP: 8/8
  6094 | D:6      | Noticed a +0 hand axe
  6095 | D:6      | Noticed a +0 dagger
  6097 | D:6      | Found a hide-covered altar of Uskayaw.
  6173 | D:6      | Reached skill level 5 in Throwing
  6499 | D:6      | Found a staircase to the Ecumenical Temple.
  7112 | D:6      | Reached skill level 9 in Stealth
  7210 | Temple   | Entered the Ecumenical Temple
  7402 | Temple   | Became a worshipper of Makhleb the Destroyer
  7451 | D:6      | Reached XP level 9. HP: 54/54 MP: 9/9
  8710 | D:7      | Found a runed translucent door.
  8711 | D:7      | Noticed Crazy Yiuf
  8922 | D:8      | You fall through a shaft!
  9196 | D:7      | Killed Crazy Yiuf
  9252 | D:8      | Noticed a hippogriff
  9290 | D:7      | Killed a hippogriff
 10118 | D:8      | Reached skill level 10 in Stealth
 10521 | D:9      | Found Ochec's Gadget Shoppe.
 10989 | D:9      | Noticed a two-headed ogre
 10994 | D:9      | Killed a two-headed ogre
 10994 | D:9      | Reached XP level 10. HP: 60/60 MP: 10/10
 11131 | D:10     | Entered Level 10 of the Dungeon
 11136 | D:10     | Noticed Urug
 11213 | D:10     | Found Rierit Osarph's General Store.
 11331 | D:10     | Bought a potion of heal wounds for 70 gold pieces
 11331 | D:10     | Bought a scroll of teleportation for 42 gold pieces
 11414 | D:10     | Killed Urug
 11414 | D:10     | Reached skill level 11 in Stealth
 11592 | D:10     | Found Taighac's Assorted Antiques.
 12373 | D:10     | Bought an ichor-stained robe for 205 gold pieces
 12401 | D:10     | Identified the +0 robe "Jaggudoe" {Str+3} (You bought it in
                  | a shop on level 10 of the Dungeon)
 13059 | D:10     | Reached XP level 11. HP: 64/64 MP: 11/11
 13090 | D:11     | Reached skill level 12 in Stealth
 13150 | D:11     | Reached skill level 10 in Short Blades
 13210 | D:11     | Reached * piety under Makhleb
 13764 | D:11     | Noticed a cyclops
 13832 | D:11     | Noticed a cyclops
 14108 | D:11     | Killed a cyclops
 14134 | D:11     | Found a staircase to the Orcish Mines.
 14316 | D:11     | Reached ** piety under Makhleb
 14425 | D:11     | Got a dazzling ring mail
 14445 | D:11     | Identified the +5 ring mail of Emataem {rElec rF+ rC+++}
                  | (You found it on level 11 of the Dungeon)
 14493 | D:11     | Found a staircase to the Lair.
 14503 | Lair:1   | Entered Level 1 of the Lair of Beasts
 14504 | Lair:1   | Noticed a four-headed hydra
 14579 | Lair:1   | Noticed Joseph
 14603 | Lair:1   | Killed Joseph
 14710 | D:11     | Killed a cyclops
 14734 | Lair:1   | Killed a four-headed hydra
 14734 | Lair:1   | Reached skill level 13 in Stealth
 15123 | D:11     | Mangled by a komodo dragon

Skill      XL: |  1  2  3  4  5  6  7  8  9 10 11 |
---------------+----------------------------------+-----
Short Blades   | 3 4 5 6 7 9 10 | 10.0
Stealth        | 5 6 8 9 10 11 13 | 13.0
Throwing       | 4 5 7 8 |  8.0
Dodging        | 4 7 9 |  9.5
Fighting       | 3 |  3.0

Action                   |  1- 3 |  4- 6 |  7- 9 | 10-12 || total
-------------------------+-------+-------+-------+-------++-------
Melee: Dagger            |   119 |   118 |   434 |   458 ||  1129
 Fire: Blowgun           |       |    33 |   128 |   181 ||   342
  Use: Scroll            |     1 |       |     9 |     6 ||    16
       Potion            |       |       |       |     3 ||     3
 Stab: Sleeping          |     5 |     6 |    22 |     6 ||    39
       Invisible         |       |       |       |    10 ||    10
       Paralysed         |       |       |       |     3 ||     3
       Distracted        |       |       |       |     2 ||     2
  Eat: Chunk             |     1 |     6 |    21 |    12 ||    40
       Ration            |       |       |     1 |       ||     1
Armor: Robe              |    13 |     7 |       |       ||    20
       Leather armour    |       |     7 |    48 |    17 ||    72
       Troll leather arm |       |       |       |    17 ||    17
       Ring mail         |       |       |       |    13 ||    13
Dodge: Dodged            |    52 |    60 |   254 |   287 ||   653
Block: Other             |       |       |     6 |    39 ||    45
